 Dungeon Crawl Stone Soup version 0.30-a0-691-g754fce4c43 (webtiles) character file.

Game seed: 16986556469418447587

72 wormed the Caller (level 4, -1/28 (30) HPs)
             Began as a Demonspawn Summoner on Jan 20, 2023.
             Slain by Edmund
             ... wielding a +0 flail of draining
              (4 damage)
             ... on level 4 of the Dungeon.
             The game lasted 00:06:42 (2785 turns).

wormed the Caller (Demonspawn Summoner)             Turns: 2785, Time: 00:06:42

HP:   -1/28 (30)    AC:  3    Str:  8    XL:     4   Next: 6%
MP:   5/8           EV: 12    Int: 19    God:
Gold: 204           SH:  0    Dex: 13    Spells: 1/8 levels left

rFire   . . .      SeeInvis .    (no weapon)
rCold   . . .      Faith    .    (no shield)
rNeg    . . .      Spirit   .    a - +0 robe
rPois   .          Reflect  .    (no helmet)
rElec   .          Harm     .    l - +0 cloak
rCorr   .          Rampage  .    (no gloves)
Will    .....                    (no boots)
Stlth   ++                       (no amulet)
HPRegen 0.24/turn                (no ring)
MPRegen 0.22/turn                (no ring)

@: drained
A: magic regeneration, demonic touch 2
a: no special abilities


You were on level 4 of the Dungeon.
You visited 1 branch of the dungeon, and saw 4 of its levels.

You collected 204 gold pieces.

Inventory:

Armour
 a - a +0 robe (worn)
 l - a +0 cloak (worn)
Wands
 h - a wand of roots (8) (quivered)
Scrolls
 c - 2 scrolls of magic mapping
 d - a scroll of silence
 j - a scroll of identify
Potions
 b - a potion of curing
 e - a potion of invisibility {unknown}
 f - 2 potions of attraction {unknown}
 i - a potion of heal wounds {unknown}
 k - a potion of haste {unknown}


   Skills:
 - Level 1.7 Dodging
 - Level 1.7 Stealth
 + Level 2.8 Spellcasting
 + Level 1.8 Hexes
 * Level 4.6 Summonings


You had one spell level left.
You knew the following spells:

 Your Spells              Type           Power      Damage    Failure   Level
a - Summon Small Mammal   Summ           80%        N/A       2%          1
b - Call Canine Familiar  Summ           20%        N/A       7%          3
c - Summon Guardian Gole  Hex/Summ       15%        N/A       12%         3

Your spell library contained the following spells:

 Spells                   Type           Power      Damage    Failure   Level
 Slow                     Hex            36%        N/A       8%          1
 Call Imp                 Summ           20%        N/A       3%          2
 Confusing Touch          Hex            9%         N/A       22%         3
 Vampiric Draining        Necr           2%         2d6       43%         3
 Summon Lightning Spire   Summ/Air       11%        N/A       52%         4


Dungeon Overview and Level Annotations

Branches:
Dungeon (4/15)
 Temple: D:4-7

Altars:

Shops:
D:4 (

Annotations:
D:4 Edmund


Innate Abilities, Weirdness & Mutations

You regenerate magic rapidly.
Your touch may inflict irresistible damage on your foes.


Message History

Edmund attacks as you move away!
Edmund hits you with a +0 flail of draining!
You feel drained.
* * * LOW HITPOINT WARNING * * *
Your hound closely misses Edmund.
Edmund hits your hound with a +0 flail of draining.
Edmund drains your hound.
Your hound misses Edmund.
Edmund hits your hound with a +0 flail of draining!
Your hound bites Edmund.
Your hound bites Edmund but does no damage.
Edmund hits your hound with a +0 flail of draining!
Edmund drains your hound.
Your hound bites Edmund.
Edmund hits your hound with a +0 flail of draining.
Your hound dies!
Your hound's corpse disappears in a puff of smoke!
A dart slug comes into view.
The dart slug launches a dart at you. The slug dart hits you.
* * * LOW HITPOINT WARNING * * *
Aiming: Fastroot
Press: ? - help, Q - select action, (/) - cycle Shift-Dir - straight line, f - Edmund
Aim: Edmund, wielding a +0 flail of draining and wearing a +0 scale mail (heavily wounded, ally target)
The roots erupt in riotous growth!
Roots grab Edmund.
Your guardian golem is unaffected.
The grasping roots constrict Edmund.
You hear an angry growl.
Edmund struggles to escape constriction.
The grasping roots constrict Edmund.
Edmund asks, "Have you met my wondrous brother?"
Edmund escapes!
Edmund barely misses you. The dart slug launches a dart at you.
The slug dart hits you.
* * * LOW HITPOINT WARNING * * *
As you read the scroll labelled EBOOJ QIAWK, it crumbles to dust.
It is a scroll of brand weapon.
You aren't carrying any weapons that can be branded.
Edmund hits you with a +0 flail of draining.
You die...

..# #.# #.+ #.# ###.#+#
##.# #.....#
..#####.....####
#.............. #..#
#.....#
⌠.⌠####..####..@..##.##.
.∩....).†.<....@..!.w...
⌠.⌠...).......9..#.###..
.$.##########...## .# #
###..# # ..#...
#+##.##.# #


You could see Edmund (ally target), a dart slug and a friendly guardian golem
(summoned).

Vanquished Creatures
  2 worms
  A bat (D:2)
  A jackal (D:4)
  A quokka (D:2)
  A kobold (D:1)
6 creatures vanquished.

Vanquished Creatures (collateral kills)
  An adder (D:3)
  A worm (D:3)
  2 dart slugs
  A bat (D:1)
  4 endoplasms (D:1)
  A giant cockroach (D:3)
  3 goblins (D:1)
  8 hobgoblins
  A jackal (D:4)
  2 quokkas
  5 ball pythons
  A frilled lizard (D:3)
  5 kobolds
  6 rats
41 creatures vanquished.

Grand Total: 47 creatures vanquished

Notes
Turn   | Place    | Note
-------+----------+-------------------------------------------
     0 | D:1      | wormed the Demonspawn Summoner began the quest for the Orb.
     0 | D:1      | Reached XP level 1. HP: 13/13 MP: 3/3
   518 | D:1      | Gained mutation: Your touch may inflict minor irresistible
                  | damage on your foes. [demonic ancestry]
   518 | D:1      | Reached XP level 2. HP: 4/19 MP: 1/5
   687 | D:1      | Reached skill level 1 in Hexes
  1340 | D:2      | Gained mutation: You regenerate magic rapidly. [demonic
                  | ancestry]
  1340 | D:2      | Reached XP level 3. HP: 24/24 MP: 2/6
  1344 | D:2      | Learned a level 3 spell: Call Canine Familiar
  1348 | D:2      | Learned a level 3 spell: Summon Guardian Golem
  2641 | D:3      | Gained mutation: Your touch may inflict irresistible damage
                  | on your foes. [demonic ancestry]
  2641 | D:3      | Reached XP level 4. HP: 30/30 MP: 5/8
  2712 | D:4      | Found Ohouca's Antique Weapon Shop.
  2716 | D:4      | Noticed Edmund
  2785 | D:4      | Slain by Edmund

Illustrated notes

Levels and vault maps discovered:
D:1:      dpeg_arrival_refuge, layout_loops_ring, minmay_misc_feat_four_crosses
D:2:      layout_basic
D:3:      layout_basic
D:4:      layout_loops_ring, serial_shops, nicolae_shop_behind_doors,
          shop_fountains, nicolae_shop_behind_doors, nicolae_shop_behind_doors,
          nicolae_shop_trees, uniq_edmund

Skill      XL: |  1  2 |
---------------+-------+-----
Hexes          | 1 |  1.8
Dodging        | |  1.7
Stealth        | |  1.7
Spellcasting   | |  2.8
Summonings     | |  4.6

Action                   |  1- 3 |  4- 6 || total
-------------------------+-------+-------++-------
Melee: Unarmed           |    26 |     2 ||    28
       Touch             |     4 |     1 ||     5
 Cast: Summon Small Mamm |    61 |     3 ||    64
       Call Canine Famil |    14 |     2 ||    16
       Summon Guardian G |       |     2 ||     2
Evoke: Wand              |       |     1 ||     1
  Use: Potion            |     1 |       ||     1
       Scroll            |     7 |     1 ||     8
 Stab: Distracted        |     2 |       ||     2
Armor: Robe              |     7 |       ||     7
Dodge: Dodged            |    38 |     4 ||    42

Table legend: (Time is in decaauts)
 A = Elapsed time spent in this place.
 B = Non-inter-level travel time spent in this place.
 C = Inter-level travel time spent in this place.
 D = Time resting spent in this place.
 E = Time spent auto-exploring this place.
 F = Levels seen in this place.
 G = Mean time per level.
                   A        B        C        D        E       F      G
               +--------+--------+--------+--------+--------+-----+--------+
         Total |   2787 |   2673 |    114 |     73 |   2010 |   4 |  696.8 |
       Dungeon |   2787 |   2673 |    114 |     73 |   2010 |   4 |  696.8 |
               +--------+--------+--------+--------+--------+-----+--------+

Top non-repeatable levels by time:
     D:1: 1247 daAuts
     D:2: 759 daAuts
     D:3: 735 daAuts
     D:4: 45 daAuts
